 Dungeon Crawl Stone Soup version 0.24-a0-619-gb7544fd237 (webtiles) character file.

Game seed: 2477224579298345878, levelgen mode: deterministic

114 Ijustatesigmund the Chopper (level 4, -9/42 HPs)
             Began as a Minotaur Monk on Sept 18, 2019.
             Killed by nerve-wracking pain
             ... invoked by Grinder
              (10 damage)
             ... on level 3 of the Dungeon.
             The game lasted 00:03:08 (2198 turns).

Ijustatesigmund the Chopper (Minotaur Monk)         Turns: 2198, Time: 00:03:09

Health: -9/42      AC:  6    Str: 15    XL:     4   Next: 67%
Magic:  3/3        EV: 13    Int:  8    God:
Gold:   117        SH:  0    Dex: 13    Spells: 3/3 levels left

rFire    . . .     SeeInvis .   a - +0 hand axe
rCold    + . .     Gourm    .   (no shield)
rNeg     . . .     Faith    .   b - +0 leather armour {rC+}
rPois    .         Spirit   .   (helmet restricted)
rElec    .         Reflect  .   (no cloak)
rCorr    .         Harm     .   (no gloves)
MR       .....                  g - +2 pair of boots
Stlth    ++........             e - amulet of the acrobat
HPRegen  0.14/turn              (no ring)
MPRegen  0.08/turn              (no ring)

@: no status effects
A: retaliatory headbutt, horns 2
a: no special abilities


You were on level 3 of the Dungeon.
You were not hungry.

You visited 1 branch of the dungeon, and saw 3 of its levels.

You collected 117 gold pieces.

Inventory:

Hand Weapons
 a - a +0 hand axe (weapon)
Missiles
 l - a poisoned dart (quivered)
Armour
 b - a +0 leather armour of cold resistance (worn)
 g - a +2 pair of boots (worn)
Jewellery
 e - an amulet of the acrobat (around neck)
Scrolls
 d - 2 scrolls of remove curse
Potions
 i - a potion of mutation {unknown}
Comestibles
 c - 5 rations


   Skills:
 + Level 5.2 Fighting
 + Level 5.3 Axes
 - Level 3.4 Dodging
 - Level 1.6 Stealth


You had 3 spell levels left.
You didn't know any spells.
Your spell library was empty.

Dungeon Overview and Level Annotations

Branches:
Dungeon (3/15)

Altars:
Uskayaw

Annotations:
D:3 Grinder


Innate Abilities, Weirdness & Mutations

You reflexively headbutt those who attack you in melee.
You have a pair of horns on your head.


Message History

Pain shoots through your body!
You closely miss Grinder.
Grinder is severely wounded.
Grinder hits you.
* * * LOW HITPOINT WARNING * * *
You writhe in agony.
* * * LOW HITPOINT WARNING * * *
All of the chunks of flesh in your inventory have rotted away.
It was a potion of flight.
You feel very buoyant.
You fly up into the air.
Grinder hits you.
* * * LOW HITPOINT WARNING * * *
You writhe in agony.
* * * LOW HITPOINT WARNING * * *
It was a potion of cancellation.
Your magical effects are unravelling.
You feel magically purged.
You float gracefully downwards.
Grinder gestures at you. Pain shoots through your body!
You die...

#######
...###....(##
...!..)..<..#######.
...#....†...........
#........@5#####
#.....†....#
............#
.............!...
##.#.........#....
#.................
...........#.....
#.........###...
#.........#


You could see Grinder.

Vanquished Creatures
  4 adders (D:2)
  3 oozes
  2 worms (D:2)
  4 dart slugs
  A leopard gecko (D:2)
  2 ball pythons (D:2)
  5 giant cockroaches
  4 goblins
  4 hobgoblins (D:1)
  3 jackals (D:2)
  6 bats
  6 frilled lizards
  5 kobolds
  7 rats
56 creatures vanquished.

Notes
Turn   | Place    | Note
-------+----------+-------------------------------------------
     0 | D:1      | Ijustatesigmund the Minotaur Monk began the quest for the
                  | Orb.
     0 | D:1      | Reached XP level 1. HP: 19/19 MP: 0/0
   208 | D:1      | Reached XP level 2. HP: 27/27 MP: 1/1
   435 | D:1      | Reached XP level 3. HP: 25/33 MP: 2/2
   862 | D:2      | Found a hide-covered altar of Uskayaw.
   862 | D:2      | Noticed a +0 dagger
   864 | D:2      | Noticed a +0 hand axe
  1280 | D:2      | Reached XP level 4. HP: 41/41 MP: 3/3
  1527 | D:2      | Reached skill level 5 in Axes
  1714 | D:2      | Reached skill level 5 in Fighting
  1928 | D:3      | Noticed Grinder
  1929 | D:3      | Paralysed by Grinder for 7 turns
  2197 | D:3      | HP: 1/42 [Grinder (3)]
  2198 | D:3      | Killed from afar by Grinder

Levels and vault maps discovered:
D:1:      dpeg_arrival_concentric_ovals, layout_basic, minmay_split_cup_large
D:2:      layout_basic, dancing_weapons_uskayaw, supply_closet_lemuel, hex_large
D:3:      layout_rooms, uniq_natasha, uniq_grinder

Skill      XL: |  1  2  3  4 |
---------------+-------------+-----
Axes           | 4 5 |  5.3
Fighting       | 4 5 |  5.2
Dodging        | |  3.4
Stealth        | |  1.6

Action                   |  1- 3 |  4- 6 || total
-------------------------+-------+-------++-------
Melee: Hand axe          |    86 |    44 ||   130
       Headbutt          |    11 |     4 ||    15
  Use: Scroll            |     3 |     3 ||     6
       Potion            |       |     4 ||     4
 Stab: Sleeping          |       |     2 ||     2
  Eat: Chunk             |       |     4 ||     4
Armor: Scale mail        |    37 |       ||    37
       Leather armour    |       |    22 ||    22
Dodge: Dodged            |    64 |    43 ||   107

Table legend:
 A = Non-vault XP
 B = Vault XP
 C = Vault XP percentage of total XP
 D = Non-vault monster count
 E = Vault monster count
 F = Vault count percentage of total count
                 A         B        C        D         E       F
            +---------+---------+-------+---------+---------+-------
      Total |     152 |      12 |   7.3 |      51 |       5 |   8.9
            +---------+---------+-------+---------+---------+-------
        D:1 |      34 |      12 |  26.1 |      18 |       5 |  21.7
        D:2 |     112 |       0 |   0.0 |      28 |       0 |   0.0
        D:3 |       6 |       0 |   0.0 |       5 |       0 |   0.0
            +---------+---------+-------+---------+---------+-------
